[Event "Titled Tuesday Blitz April 05 Late 2022"]
[White "Kobalia, Mikhail"]
[Black "Jobava, Baadur"]
[WhiteFideId "4119150"]
[BlackFideId "13601520"]
[WhiteElo "2667"]
[BlackElo "2617"]
[Result "0-1"]
[Round "07"]
[TimeControl "180+1"]
[Date "2022.04.05"]
[WhiteClock "0:00:02"]
[BlackClock "0:00:40"]

1. e4 e6 2. d3 d5 3. Nd2 b6 4. g3 Bb7 5. Bg2 g6 6. Ngf3 Bg7 7. O-O Ne7 8. Re1 O-O 9. c3 c5 10. e5 Nbc6 11. d4 Rc8 12. Nf1 cxd4 13. cxd4 Nb4 14. Ne3 Ba6 15. Qa4 Nec6 16. a3 Nd3 17. Qxa6 Nxe1 18. Nxe1 Nxd4 19. f4 Nb3 20. Rb1 Nxc1 21. b4 Rc3 22. Nd1 Rc7 23. Ne3 Qe7 24. N3c2 Na2 25. Nd4 Nc3 26. Ra1 Rfc8 27. Nef3 Ne4 28. Bf1 Rc1 29. Kg2 Rxa1 30. Qxc8+ Qf8 31. Qb7 Rxa3 32. Nc6 Bh6 33. Ne7+ Kg7 34. Nd4 Kh8 35. Bb5 a5 36. Qd7 axb4 37. Ndc6 b3 38. Nd8 Ra2+ 39. Kg1 b2 40. Bd3 Nc5 41. Qc8 Nxd3 42. Nxf7+ Kg7 0-1


[Site "https://www.chess.com"]

[Event "Titled Tuesday Blitz April 05 Late 2022"]
[White "Kosteniuk, Alexandra"]
[Black "Iskusnyh, Sergei"]
[WhiteFideId "4128125"]
[BlackFideId "4120027"]
[WhiteElo "2469"]
[BlackElo "2492"]
[Result "1-0"]
[Round "07"]
[TimeControl "180+1"]
[Date "2022.04.05"]
[WhiteClock "0:00:10"]
[BlackClock "0:00:01"]

1. e4 e6 2. d4 d5 3. exd5 exd5 4. Nf3 Nf6 5. Bd3 c5 6. O-O Nc6 7. Re1+ Be7 8. dxc5 O-O 9. Bg5 Bxc5 10. Nc3 Be6 11. Bh4 h6 12. h3 a6 13. Ne2 Qb6 14. Bxf6 Bxf2+ 15. Kh1 gxf6 16. Rf1 Ne5 17. Ned4 Bg3 18. Nxe6 fxe6 19. Nxe5 Bxe5 20. Qg4+ Kf7 21. Rae1 Qd4 22. Qg6+ Ke7 23. c3 Qh4 24. Rxe5 fxe5 25. Qg7+ Kd6 26. Rxf8 Rxf8 27. Qxf8+ Kc6 28. Qe8+ Kd6 29. Qb8+ Kd7 30. Qxe5 Qf2 31. Qe2 Qf4 32. b4 Qc1+ 33. Kh2 Qxc3 34. b5 axb5 35. Bxb5+ Kd6 36. Be8 Qf6 37. Bh5 e5 38. Qb2 Qf4+ 39. g3 Qe3 40. Kg2 e4 41. Bg4 b6 42. Qb4+ Ke5 43. Qe7+ Kd4 44. Qb4+ Ke5 45. Qb2+ Kd6 46. h4 Kc5 47. Bd7 Kd6 48. Be8 Qf3+ 49. Kh2 Qe3 50. a4 Ke6 51. Bh5 Kd6 52. Bg4 Kc5 53. Qb5+ Kd6 54. Qb4+ Ke5 55. Qb2+ Kd6 56. Bh3 Qc5 57. Qf6+ Kc7 58. Qf4+ Kb7 59. Bg2 Ka6 60. Qxh6 Ka5 61. Qd2+ Kxa4 62. h5 d4 63. Bxe4 Qxh5+ 64. Kg2 Qe5 65. Qc2+ Kb4 66. Qb2+ Kc4 67. Qa2+ Kc3 68. Qe2 Kb4 69. Qd3 1-0


[Site "https://www.chess.com"]

[Event "Titled Tuesday Blitz April 05 Late 2022"]
[White "Kozak, Antoni"]
[Black "Bachmann, Axel"]
[WhiteFideId "21832030"]
[BlackFideId "3700488"]
[WhiteElo "2236"]
[BlackElo "2587"]
[Result "1-0"]
[Round "07"]
[TimeControl "180+1"]
[Date "2022.04.06"]
[WhiteClock "0:00:42"]
[BlackClock "0:00:09"]

1. c4 Nf6 2. Nf3 g6 3. Nc3 Bg7 4. e4 d6 5. d4 O-O 6. h3 e5 7. d5 Nh5 8. g3 f5 9. exf5 gxf5 10. Bg5 Qe8 11. Be2 Nf6 12. Qc2 Na6 13. O-O-O Bd7 14. Nh4 Nc5 15. f3 e4 16. Rhe1 Qf7 17. Be3 a5 18. f4 a4 19. a3 Rfb8 20. Rg1 b5 21. cxb5 Ra5 22. Bxc5 dxc5 23. g4 fxg4 24. hxg4 Bxb5 25. Bxb5 Raxb5 26. Nxb5 Rxb5 27. Nf5 Bh8 28. Nh6+ Kf8 29. Nxf7 Kxf7 30. d6 c6 31. d7 Nd5 32. d8=Q Bd4 33. Rxd4 cxd4 34. Qxc6 1-0


[Site "https://www.chess.com"]

[Event "Titled Tuesday Blitz April 05 Late 2022"]
[White "Koziorowicz, Michal"]
[Black "Pinheiro, Iung Alicio de O."]
[WhiteFideId "21809194"]
[BlackFideId "2104350"]
[WhiteElo "2235"]
[BlackElo "2559"]
[Result "0-1"]
[Round "07"]
[TimeControl "180+1"]
[Date "2022.04.05"]
[WhiteClock "0:00:02"]
[BlackClock "0:00:07"]

1. e4 c5 2. Nf3 Nc6 3. Bb5 e6 4. O-O Nge7 5. Re1 Nd4 6. Bf1 Nec6 7. c3 Nxf3+ 8. Qxf3 Be7 9. a4 O-O 10. Na3 d6 11. Nc2 e5 12. d3 f5 13. Qe2 f4 14. f3 g5 15. d4 Kh8 16. b4 cxd4 17. cxd4 exd4 18. b5 Ne5 19. Bb2 d3 20. Qxd3 Bf6 21. Qd2 g4 22. Nd4 gxf3 23. Nxf3 Bg4 24. Nd4 f3 25. Nf5 fxg2 26. Bxg2 Rg8 27. Kh1 Nf3 28. Qc3 Bxc3 29. Bxc3+ Ne5 30. Re3 Rc8 31. Bd4 Rc4 32. Rc3 Rxc3 33. Bxc3 Bxf5 34. exf5 Qg5 35. Bxb7 Qxf5 36. a5 Qd3 37. Rc1 Rf8 38. Bg2 Rf2 39. b6 axb6 40. axb6 Rxg2 41. Bxe5+ dxe5 42. b7 Qd5 43. Rc5 Qxb7 0-1


[Site "https://www.chess.com"]

[Event "Titled Tuesday Blitz April 05 Late 2022"]
[White "Kujawski, Adam"]
[Black "Reprintsev, Alexander"]
[WhiteFideId "1100920"]
[BlackFideId "14100541"]
[WhiteElo "2053"]
[BlackElo "2108"]
[Result "0-1"]
[Round "07"]
[TimeControl "180+1"]
[Date "2022.04.06"]
[WhiteClock "0:00:01"]
[BlackClock "0:00:04"]

1. e4 d5 2. exd5 Qxd5 3. Nc3 Qa5 4. d4 Nf6 5. Nf3 Nc6 6. Bd2 a6 7. Bc4 Qh5 8. Ne5 Bg4 9. Nxg4 Qxg4 10. Qxg4 Nxg4 11. f3 Nf6 12. Be3 e6 13. Ne4 Nd5 14. Ke2 O-O-O 15. c3 h6 16. Rad1 f5 17. Nf2 g5 18. Nd3 Bg7 19. Rhe1 Rhe8 20. Kf1 Nb6 21. Bb3 e5 22. Nxe5 Nxe5 23. dxe5 Rxd1 24. Rxd1 Bxe5 25. Bg1 g4 26. Re1 gxf3 27. gxf3 Kd8 28. Bf2 Bf6 29. Rxe8+ Kxe8 30. Bg3 c6 31. Bc2 Nd5 32. Ke2 f4 33. Bf2 Kd7 34. Be4 Ne7 35. Kd3 Kd6 36. b4 b5 37. Bc5+ Kd7 38. Bh7 Nd5 39. Be4 Nc7 40. c4 Ne6 41. cxb5 axb5 42. Bb6 Ng5 43. Bf5+ Kd6 44. Bc5+ Kc7 45. Be4 Be5 46. Bf5 h5 47. Be4 h4 48. Bf5 Bd6 49. Bxd6+ Kxd6 50. Be4 Ne6 51. Kc3 Ng5 52. Kd4 Nh3 53. Bd3 Nf2 54. Be2 Ke6 0-1


[Site "https://www.chess.com"]

[Event "Titled Tuesday Blitz April 05 Late 2022"]
[White "Levin, Anthony"]
[Black "Wesolowska, Hanna"]
[WhiteFideId "30940680"]
[BlackFideId "1104683"]
[WhiteElo "2042"]
[BlackElo "2345"]
[Result "1-0"]
[Round "07"]
[TimeControl "180+1"]
[Date "2022.04.06"]
[WhiteClock "0:00:03"]
[BlackClock "0:00:08"]

1. d4 c5 2. d5 Nf6 3. Nc3 g6 4. e4 d6 5. Bb5+ Bd7 6. a4 Bg7 7. Nf3 O-O 8. O-O Na6 9. h3 Nc7 10. Bc4 b6 11. Re1 a6 12. e5 Nfe8 13. e6 fxe6 14. dxe6 Bc6 15. Nd5 Nf6 16. Nxf6+ Rxf6 17. Bg5 Bxf3 18. gxf3 Rf5 19. Be3 Bxb2 20. Rb1 b5 21. axb5 axb5 22. Bd3 Rd5 23. Qe2 Ra2 24. Bxb5 Bc3 25. Bc4 Ra4 26. Bxd5 Nxd5 27. Red1 Nf4 28. Bxf4 Rxf4 29. Qe3 Be5 30. Qxe5 Qf8 31. Qe2 Qf6 32. Rb8+ Kg7 33. Rd5 Rxf3 34. Rb7 Rxh3 35. Kg2 Rh4 36. Qf3 Rf4 37. Rxe7+ Kg8 38. Re8+ Kg7 39. Qe3 Rg4+ 40. Kf1 Qa1+ 41. Ke2 Qa6+ 42. Rd3 Qc4 43. Re7+ Kg8 44. Rf7 Re4 45. Rf3 Rxe3+ 46. Rxe3 Qg4+ 47. Kd2 Kf8 48. e7+ Ke8 49. Rxd6 Qb4+ 50. Kd1 Qb1+ 51. Kd2 Qb4+ 52. Ke2 Qg4+ 53. Ke1 Qb4+ 54. Kf1 Qb5+ 55. Re2 Qb1+ 56. Kg2 Qb7+ 57. f3 1-0


[Site "https://www.chess.com"]

[Event "Titled Tuesday Blitz April 05 Late 2022"]
[White "Mangialardo, Tiago Carvalho"]
[Black "Tsukerman, Julia"]
[WhiteFideId "2130718"]
[BlackFideId "2621649"]
[WhiteElo "2048"]
[BlackElo "2164"]
[Result "0-1"]
[Round "07"]
[TimeControl "180+1"]
[Date "2022.04.06"]
[WhiteClock "0:00:01"]
[BlackClock "0:00:49"]

1. e4 c5 2. Nf3 d6 3. d4 cxd4 4. Nxd4 Nf6 5. Nc3 a6 6. Be3 e5 7. Nf3 Be6 8. Bd3 h6 9. Qd2 Nc6 10. O-O Be7 11. a4 O-O 12. Nd5 Bxd5 13. exd5 Nb8 14. Bc4 Nbd7 15. a5 Rc8 16. Qb4 Qc7 17. Bb3 Nc5 18. c3 Rfd8 19. Rfd1 Nxb3 20. Qxb3 Ne4 21. Bb6 Qd7 22. Bxd8 Rxd8 23. Qb4 Nc5 24. Nd2 f5 25. Nb3 Ne4 26. f3 Nf6 27. Kh1 g5 28. Rd2 g4 29. fxg4 Nxg4 30. Re2 Bg5 31. Nd2 Qg7 32. Nf1 Bf4 33. g3 Bg5 34. Rae1 Qf7 35. Qb3 Rc8 36. Nd2 Rc5 37. c4 Rxa5 38. Nf3 Be7 39. Qb4 Rc5 40. Qxb7 Rxc4 41. Qxa6 Rb4 42. Qc8+ Kg7 43. Qc3 Rb5 44. h3 Nf6 45. Kh2 Rxd5 46. Qc4 Qe8 47. Nd2 Rc5 48. Qb3 Qc6 49. Qd3 Qc8 50. b3 Rd5 51. Qe3 Rc5 52. Nc4 e4 53. Qf4 d5 54. Ne5 Rc3 55. g4 Bd6 0-1


[Site "https://www.chess.com"]

[Event "Titled Tuesday Blitz April 05 Late 2022"]
[White "Martin Duque, Jesus"]
[Black "Bortnyk, Olexandr"]
[WhiteFideId "2208954"]
[BlackFideId "14120828"]
[WhiteElo "2243"]
[BlackElo "2723"]
[Result "0-1"]
[Round "07"]
[TimeControl "180+1"]
[Date "2022.04.06"]
[WhiteClock "0:00:04"]
[BlackClock "0:00:20"]

1. Nf3 Nf6 2. b3 d5 3. Bb2 Bf5 4. g3 e6 5. Bg2 h6 6. O-O Be7 7. d3 O-O 8. Nbd2 Bh7 9. Re1 c6 10. a4 a5 11. e4 Na6 12. Re2 Nb4 13. Nd4 Bc5 14. e5 Nd7 15. N2f3 Qc7 16. h4 Rad8 17. h5 Rfe8 18. Qd2 Bxd4 19. Bxd4 c5 20. Bc3 c4 21. dxc4 dxc4 22. Bxb4 axb4 23. Qxb4 c3 24. Re3 Rc8 25. Nd4 Nxe5 26. Nb5 Qc5 27. Qxc5 Rxc5 28. Nd6 Ng4 29. Nxe8 Nxe3 30. fxe3 Bxc2 31. Nd6 Bxb3 32. Ne4 Rc7 33. a5 c2 34. Rc1 Rd7 35. Nf2 Kf8 36. Kf1 Ke7 37. Ke1 f5 38. Bf1 Rd5 39. Bd3 Rxa5 40. Bxc2 Bd5 41. e4 fxe4 42. Bxe4 Bxe4 43. Nxe4 Re5 44. Rc4 b5 45. Rb4 Rxh5 46. Ke2 Kd7 47. Ke3 Kc6 48. Rb1 Rd5 49. Rc1+ Kb6 50. Nc3 Rc5 51. Kd3 Rg5 52. Ne4 Rd5+ 53. Ke3 b4 54. Rc8 Kb5 55. Rg8 g5 56. Rg6 h5 57. Rxe6 h4 58. g4 Rd1 59. Re5+ Kb6 60. Rxg5 b3 61. Rg8 Re1+ 62. Kd3 h3 63. Rb8+ Kc7 64. Rxb3 h2 65. Nf2 Rf1 66. Rc3+ Kd7 67. Nh1 Rxh1 68. Ke2 Ra1 69. Rh3 h1=Q 0-1


[Site "https://www.chess.com"]

[Event "Titled Tuesday Blitz April 05 Late 2022"]
[White "Matlakov, Maxim"]
[Black "Murzin, Volodar"]
[WhiteFideId "4168003"]
[BlackFideId "44155573"]
[WhiteElo "2669"]
[BlackElo "2585"]
[Result "0-1"]
[Round "07"]
[TimeControl "180+1"]
[Date "2022.04.05"]
[WhiteClock "0:00:06"]
[BlackClock "0:00:06"]

1. Nf3 d5 2. g3 c6 3. Bg2 Bg4 4. O-O Nd7 5. h3 Bh5 6. d3 Ngf6 7. Qe1 e5 8. e4 dxe4 9. dxe4 Bc5 10. Nh4 Bg6 11. Nd2 O-O 12. a4 a5 13. Nc4 Qc7 14. Nxg6 hxg6 15. Qe2 Rfe8 16. h4 Nf8 17. c3 Ne6 18. Bd2 Bf8 19. Rfd1 Nc5 20. Bg5 Red8 21. Bxf6 gxf6 22. h5 Rxd1+ 23. Rxd1 Rd8 24. hxg6 fxg6 25. Qc2 Bh6 26. Rxd8+ Qxd8 27. Bf1 Kg7 28. Be2 b5 29. axb5 cxb5 30. Na3 Qd2 31. Qxd2 Bxd2 32. Nxb5 Nxe4 33. Bd3 Nc5 34. Bc2 Bc1 35. b3 Bb2 36. Kf1 e4 37. Ke2 f5 38. Kd2 Nd7 39. Nd6 Ne5 40. Bd1 Ba3 41. Nb7 Nd3 42. f3 Bc1+ 43. Ke2 Bb2 44. fxe4 fxe4 45. Nd6 Bxc3 46. Nxe4 Nc1+ 47. Kf3 Bb4 48. Bc2 Na2 49. Nf2 Nc3 50. Nd3 Bd6 51. Nb2 Nb5 52. Kg2 Nd4 53. Bd1 Kf6 54. Nc4 Bc7 55. Kf2 Kg5 56. Kg2 Kf6 57. Ne3 Ke5 58. Nc4+ Kd5 59. Kf2 Kc5 60. Ke3 a4 61. Nb2 axb3 62. Nd3+ Kc4 63. Bxb3+ Nxb3 64. Nf4 g5 65. Ne6 Ba5 66. Kf3 Nd4+ 67. Nxd4 Kxd4 68. Kg4 Bd2 69. Kf5 Be3 70. g4 Kd3 0-1


[Site "https://www.chess.com"]

[Event "Titled Tuesday Blitz April 05 Late 2022"]
[White "Mekhitarian, Krikor Sevag"]
[Black "Chernomordik, Pavel"]
[WhiteFideId "2107660"]
[BlackFideId "2804530"]
[WhiteElo "2598"]
[BlackElo "2220"]
[Result "1-0"]
[Round "07"]
[TimeControl "180+1"]
[Date "2022.04.05"]
[WhiteClock "0:00:18"]
[BlackClock "0:00:19"]

1. Nf3 g6 2. c4 Bg7 3. Nc3 e5 4. g3 Nc6 5. Bg2 d6 6. d3 h6 7. O-O Be6 8. Rb1 Qd7 9. b4 Nge7 10. b5 Nd8 11. a4 O-O 12. a5 Rc8 13. Ba3 Bh3 14. Bxh3 Qxh3 15. c5 Qd7 16. cxd6 cxd6 17. Qb3 Rxc3 18. Qxc3 e4 19. Nd4 Ne6 20. e3 Nf5 21. dxe4 Nfxd4 22. exd4 Nxd4 23. Qd3 f5 24. f4 fxe4 25. Qxe4 Re8 26. Qd5+ Kh7 27. Bb2 Nf5 28. Bxg7 Ne3 29. Qd3 Qh3 30. Rf2 Kxg7 31. Re1 Ng4 32. Rxe8 Nxf2 33. Kxf2 Qxh2+ 34. Ke1 Qg1+ 35. Kd2 Qc5 36. Qc3+ 1-0


[Site "https://www.chess.com"]

[Event "Titled Tuesday Blitz April 05 Late 2022"]
[White "Melikhov, Evgeny V."]
[Black "Khanin, Semen"]
[WhiteFideId "4122046"]
[BlackFideId "4111990"]
[WhiteElo "1931"]
[BlackElo "2442"]
[Result "0-1"]
[Round "07"]
[TimeControl "180+1"]
[Date "2022.04.05"]
[WhiteClock "0:01:12"]
[BlackClock "0:01:40"]

1. d4 Nf6 2. c4 g6 3. Nc3 d5 4. Nf3 Bg7 5. e3 O-O 6. Be2 dxc4 7. Bxc4 c5 8. O-O cxd4 9. exd4 Nc6 10. Re1 Bg4 11. Be3 Rc8 12. Be2 Nd5 13. Qd2 Nxe3 14. fxe3 e5 15. Rad1 Bxf3 16. Bxf3 exd4 17. Bxc6 dxc3 18. Qxd8 Rcxd8 19. Bd5 cxb2 20. e4 b5 21. Rd3 Rc8 22. Rb3 Rc1 23. Kf2 Bc3 24. Rf1 b4 25. a3 bxa3 26. Rb7 Be5 27. h4 Kg7 28. h5 Ra1 29. g4 a2 0-1


[Site "https://www.chess.com"]

[Event "Titled Tuesday Blitz April 05 Late 2022"]
[White "Mickiewicz, Piotr"]
[Black "Korchmar, Vasiliy"]
[WhiteFideId "1114891"]
[BlackFideId "24131750"]
[WhiteElo "2266"]
[BlackElo "2370"]
[Result "0-1"]
[Round "07"]
[TimeControl "180+1"]
[Date "2022.04.05"]
[WhiteClock "0:00:02"]
[BlackClock "0:00:04"]

1. Nf3 d5 2. g3 g6 3. Bg2 Bg7 4. c4 c6 5. Qc2 e5 6. d3 Ne7 7. O-O O-O 8. Nc3 h6 9. Rb1 a5 10. a3 Be6 11. cxd5 cxd5 12. b4 Qc8 13. Ne1 axb4 14. axb4 Nbc6 15. Na4 Nd4 16. Qd1 Nxe2+ 17. Qxe2 Rxa4 18. Nf3 e4 19. Nd2 f5 20. Bb2 Ra2 21. Rfc1 Qd7 22. Bxg7 Kxg7 23. Qe3 d4 24. Qf4 e3 25. Qe5+ Kf7 26. Rc7 Qd8 27. Nf3 exf2+ 28. Kh1 Ra6 29. Nxd4 Rd6 30. Nxe6 Rxe6 31. Bd5 Qxd5+ 32. Qxd5 Rd8 33. Qxd8 Re1+ 34. Rxe1 fxe1=Q+ 35. Kg2 Qe2+ 36. Kh3 Qf1+ 37. Kh4 g5+ 38. Kh5 Qh3# 0-1


[Site "https://www.chess.com"]

[Event "Titled Tuesday Blitz April 05 Late 2022"]
[White "Migot, Tangi"]
[Black "Papp, Levente"]
[WhiteFideId "662445"]
[BlackFideId "751243"]
[WhiteElo "2521"]
[BlackElo "2308"]
[Result "0-1"]
[Round "07"]
[TimeControl "180+1"]
[Date "2022.04.06"]
[WhiteClock "0:00:07"]
[BlackClock "0:00:18"]

1. e4 e6 2. d4 d5 3. exd5 exd5 4. Nf3 Bg4 5. Bd3 Nc6 6. c3 Bd6 7. h3 Bh5 8. Be3 Nge7 9. Nbd2 Bg6 10. Qc2 Qd7 11. a4 Bxd3 12. Qxd3 Qf5 13. Qxf5 Nxf5 14. Ke2 O-O 15. Kd3 Rfe8 16. Rhe1 f6 17. Nf1 Kf7 18. Bd2 Na5 19. Rxe8 Rxe8 20. b4 Nc4 21. g4 Ne7 22. Ne3 Nxe3 23. Bxe3 h6 24. Nd2 g5 25. Nb3 f5 26. f3 Ng6 27. Na5 b6 28. Nc6 a6 29. b5 a5 30. Rh1 Nf4+ 31. Kd2 Kf6 32. h4 Kg6 33. hxg5 hxg5 34. gxf5+ Kxf5 35. Rh7 Kg6 36. Rd7 Rh8 37. Ne5+ Kf5 38. Bxf4 gxf4 39. Nf7 Rh2+ 40. Ke1 Ke6 41. Nxd6 Kxd7 42. Nf5 Rc2 0-1


[Site "https://www.chess.com"]

[Event "Titled Tuesday Blitz April 05 Late 2022"]
[White "Mikhailov, Viacheslav"]
[Black "Kamsky, Gata"]
[WhiteFideId "4187369"]
[BlackFideId "2000024"]
[WhiteElo "2381"]
[BlackElo "2645"]
[Result "0-1"]
[Round "07"]
[TimeControl "180+1"]
[Date "2022.04.05"]
[WhiteClock "0:01:50"]
[BlackClock "0:01:54"]

1. Nf3 f5 2. g3 Nf6 3. Bg2 g6 4. O-O Bg7 5. c4 d6 6. Nc3 O-O 7. d3 e5 8. Bg5 h6 9. Bxf6 Qxf6 10. Rc1 c6 11. b4 a6 12. a4 Be6 13. b5 axb5 14. axb5 Nd7 15. bxc6 bxc6 16. Nd2 Rfc8 17. Ra1 Rxa1 18. Qxa1 e4 19. Qa6 Nc5 20. Qa7 Qxc3 21. Nb1 Qb2 22. dxe4 fxe4 23. Qe7 Qe5 24. Nd2 e3 25. Nf3 exf2+ 26. Rxf2 Qe3 27. Bh3 Rf8 28. Bxe6+ Nxe6 29. Qxd6 Bd4 0-1


[Site "https://www.chess.com"]

[Event "Titled Tuesday Blitz April 05 Late 2022"]
[White "Mohammadian, Mohammad"]
[Black "Unver, Cumali"]
[WhiteFideId "12566055"]
[BlackFideId "6304940"]
[WhiteElo "1544"]
[BlackElo "2013"]
[Result "1-0"]
[Round "07"]
[TimeControl "180+1"]
[Date "2022.04.06"]
[WhiteClock "0:00:35"]
[BlackClock "0:00:08"]

1. e4 e6 2. d4 d5 3. Nd2 Nc6 4. c3 Nf6 5. e5 Nd7 6. Bd3 a5 7. a4 Be7 8. Ne2 b6 9. O-O Ba6 10. Nf3 Bxd3 11. Qxd3 O-O 12. Bf4 Na7 13. Ng3 c5 14. Rac1 Nc6 15. Qb5 Qc8 16. Rfd1 Qb7 17. c4 Nxd4 18. Nxd4 cxd4 19. Rxd4 Bc5 20. Rd3 d4 21. f3 Rfd8 22. Ne4 Rac8 23. Qb3 h6 24. Qd1 Nb8 25. b3 Nc6 26. Qe1 Nb4 27. Rcd1 Nxd3 28. Rxd3 Qd7 29. Qg3 Kh7 30. Qh3 Qe7 31. g4 Kg8 32. g5 h5 33. Qxh5 Qe8 34. Qg4 Be7 35. Nf6+ Bxf6 36. gxf6 g6 37. Bh6 1-0


[Site "https://www.chess.com"]

[Event "Titled Tuesday Blitz April 05 Late 2022"]
[White "Moral Garcia, Serafin"]
[Black "Janturin, Artur"]
[WhiteFideId "2201925"]
[BlackFideId "4130022"]
[WhiteElo "2228"]
[BlackElo "2345"]
[Result "1-0"]
[Round "07"]
[TimeControl "180+1"]
[Date "2022.04.06"]
[WhiteClock "0:02:14"]
[BlackClock "0:00:14"]

1. e4 a6 2. d4 b5 3. Nc3 Bb7 4. Bd3 Nf6 5. Qe2 e6 6. Nf3 c5 7. dxc5 Bxc5 8. O-O Nc6 9. e5 Ng4 10. h3 h5 11. hxg4 hxg4 12. Ng5 g3 13. Be3 Nd4 14. Qg4 Ke7 15. Qxg3 1-0


[Site "https://www.chess.com"]

[Event "Titled Tuesday Blitz April 05 Late 2022"]
[White "Morris-Suzuki, Sophie"]
[Black "Jarocka, Liwia"]
[WhiteFideId "30922615"]
[BlackFideId "21807558"]
[WhiteElo "2510"]
[BlackElo "1896"]
[Result "1-0"]
[Round "07"]
[TimeControl "180+1"]
[Date "2022.04.06"]
[WhiteClock "0:00:15"]
[BlackClock "0:00:19"]

1. d4 Nf6 2. c4 e6 3. Nc3 Bb4 4. e3 O-O 5. a3 Bxc3+ 6. bxc3 d5 7. Bd3 c5 8. Ne2 dxc4 9. Bxc4 b6 10. O-O Bb7 11. Bb2 Nbd7 12. a4 Rc8 13. Bd3 e5 14. a5 Re8 15. Ng3 c4 16. Bc2 b5 17. Nf5 Nf8 18. Ba3 Re6 19. a6 Ba8 20. Bc5 g6 21. Ng3 N8d7 22. Bxa7 Qc7 23. Bc5 Nxc5 24. dxc5 Qxc5 25. Ra5 Qc6 26. e4 Qb6 27. Qa1 Rc7 28. a7 Ree7 29. Ra6 Qc5 30. Rxf6 Rxa7 31. Qc1 Kg7 32. Rf3 Ra2 33. Bb1 Raa7 34. Qg5 Qd6 35. Nf5+ 1-0


[Site "https://www.chess.com"]

[Event "Titled Tuesday Blitz April 05 Late 2022"]
[White "Nepomniachtchi, Ian"]
[Black "Jumabayev, Rinat"]
[WhiteFideId "4168119"]
[BlackFideId "13702661"]
[WhiteElo "2740"]
[BlackElo "2561"]
[Result "1-0"]
[Round "07"]
[TimeControl "180+1"]
[Date "2022.04.05"]
[WhiteClock "0:02:37"]
[BlackClock "0:01:23"]

1. e4 e6 2. d4 d5 3. Nd2 c5 4. Ngf3 cxd4 5. Nxd4 Nf6 6. exd5 a6 7. Bc4 Nxd5 8. Ne4 Be7 9. Qg4 Nb4 10. Be3 O-O 11. O-O-O Qa5 12. Bh6 g6 13. Bxf8 Kxf8 14. Kb1 e5 15. Qxc8+ Kg7 16. Qxb7 1-0


[Site "https://www.chess.com"]

[Event "Titled Tuesday Blitz April 05 Late 2022"]
[White "Novikova, Galina"]
[Black "Ardila, Oscar Humberto"]
[WhiteFideId "4157095"]
[BlackFideId "4404742"]
[WhiteElo "1863"]
[BlackElo "1983"]
[Result "1-0"]
[Round "07"]
[TimeControl "180+1"]
[Date "2022.04.06"]
[WhiteClock "0:00:07"]
[BlackClock "0:00:01"]

1. e4 e5 2. Nf3 Nf6 3. Nxe5 d6 4. Nc4 Nxe4 5. Qe2 Qe7 6. Ne3 Nf6 7. d4 g6 8. Nc3 c6 9. Bd2 Bg7 10. O-O-O O-O 11. g4 d5 12. f3 Re8 13. h4 h5 14. g5 Nh7 15. Qd3 Nd7 16. Bh3 b5 17. Rde1 Qf8 18. f4 Nb6 19. f5 gxf5 20. Bxf5 Bxf5 21. Nxf5 Nc4 22. Bf4 Qb4 23. Rxe8+ Rxe8 24. Nd1 Nf8 25. b3 Qa3+ 26. Kb1 Nb6 27. Bc1 Qa5 28. Rf1 Ng6 29. Nxg7 Kxg7 30. Qf3 Rf8 31. Qf6+ Kg8 32. Qxc6 Qb4 33. Bb2 Qe7 34. Nc3 Qe3 35. Nxd5 Nxd5 36. Qxd5 Qe2 37. Rc1 Qg4 38. Qxb5 Qxh4 39. d5 Qxg5 40. Qc5 h4 41. Qc3 f6 42. Qd4 Kh7 43. Rg1 Qh5 44. d6 h3 45. d7 h2 46. Rh1 Rd8 47. Qxf6 Rxd7 48. a4 Rd1+ 49. Rxd1 Qxd1+ 50. Ka2 Qd7 51. Qf1 Qd2 52. Qf7+ Kh6 53. Qg7+ Kg5 54. Qh7 1-0


[Site "https://www.chess.com"]

[Event "Titled Tuesday Blitz April 05 Late 2022"]
[White "Ovetchkin, Roman"]
[Black "Dreev, Aleksey"]
[WhiteFideId "4119991"]
[BlackFideId "4100107"]
[WhiteElo "2409"]
[BlackElo "2625"]
[Result "0-1"]
[Round "07"]
[TimeControl "180+1"]
[Date "2022.04.05"]
[WhiteClock "0:00:04"]
[BlackClock "0:00:50"]

1. d4 d5 2. c4 e6 3. Nf3 Nf6 4. g3 dxc4 5. Bg2 Bb4+ 6. Bd2 a5 7. O-O O-O 8. Qc2 Bxd2 9. Nbxd2 b5 10. a4 c6 11. e3 Na6 12. Ne5 Nb4 13. Qb1 Nfd5 14. Ne4 f6 15. Nf3 Qe7 16. Nfd2 e5 17. Nc3 exd4 18. exd4 Be6 19. axb5 cxb5 20. Nxb5 Rab8 21. Nc3 Qc7 22. Nxd5 Nxd5 23. Re1 Bf7 24. Qa2 Nb4 25. Qxa5 Qxa5 26. Rxa5 Nd3 27. Re7 Rxb2 28. Ne4 Rb1+ 29. Bf1 Re1 30. Raa7 h5 31. Kg2 Rxe4 32. Rxe4 Bd5 33. f3 Rc8 34. Ra1 Bxe4 35. fxe4 Nb4 36. Rc1 c3 37. Kf3 c2 0-1


[Site "https://www.chess.com"]

[Event "Titled Tuesday Blitz April 05 Late 2022"]
[White "Ozates, Tuna"]
[Black "Zherebtsova, Alexandra"]
[WhiteFideId "6354521"]
[BlackFideId "24129518"]
[WhiteElo "1887"]
[BlackElo "2025"]
[Result "0-1"]
[Round "07"]
[TimeControl "180+1"]
[Date "2022.04.06"]
[WhiteClock "0:00:05"]
[BlackClock "0:00:20"]

1. c4 e5 2. Nc3 Nc6 3. g3 g6 4. Bg2 Bg7 5. e4 d6 6. d3 Be6 7. Be3 Qd7 8. Qd2 Nd4 9. Nge2 c6 10. O-O h5 11. f4 h4 12. Bxd4 exd4 13. f5 dxc3 14. fxe6 cxd2 15. exd7+ Ke7 16. Rad1 hxg3 17. hxg3 Bxb2 18. Rxd2 Bg7 19. d4 Nh6 20. Rb2 Rab8 21. Rfb1 b6 22. a4 Kxd7 23. a5 Kc7 24. axb6+ axb6 25. Ra2 Ng4 26. d5 c5 27. Rc1 Ra8 28. Rac2 Ra3 29. Rf1 Rf8 30. Rf4 Ne3 31. Rc1 Ra2 32. Nc3 Rxg2+ 33. Kh1 Rc2 34. Nb5+ Kd7 35. Rxc2 Nxc2 36. Rf2 Nd4 37. Nc3 Kc7 38. Kg2 Kb7 39. g4 f5 40. exf5 gxf5 41. gxf5 Rxf5 42. Rd2 Nb3 43. Rd3 Bxc3 44. Rxc3 Nd4 45. Re3 Rf7 46. Re8 b5 47. cxb5 Nxb5 48. Re6 Kb6 49. Re8 Ka5 50. Kg3 Kb4 51. Kg4 c4 52. Kg5 c3 53. Kg6 Rf1 54. Rc8 Nd4 55. Rb8+ Ka3 56. Kg5 c2 0-1


[Site "https://www.chess.com"]

[Event "Titled Tuesday Blitz April 05 Late 2022"]
[White "P., Komal Kishore"]
[Black "Calderon, Zachary"]
[WhiteFideId "5016703"]
[BlackFideId "2076969"]
[WhiteElo "2081"]
[BlackElo "2273"]
[Result "1-0"]
[Round "07"]
[TimeControl "180+1"]
[Date "2022.04.06"]
[WhiteClock "0:01:41"]
[BlackClock "0:02:05"]

1. e4 e6 2. d4 d5 3. Nd2 Be7 4. Bd3 c5 5. exd5 exd5 6. c3 Nc6 7. Ngf3 cxd4 8. cxd4 Bg4 9. Qb3 Nb4 10. Bb5+ Kf8 11. Ne5 Be6 12. O-O Nf6 13. a3 a6 14. Ba4 b5 15. axb4 bxa4 16. Rxa4 Qb6 17. b5 Qxb5 18. Qxb5 axb5 19. Rxa8+ 1-0


[Site "https://www.chess.com"]

[Event "Titled Tuesday Blitz April 05 Late 2022"]
[White "Paravyan, David"]
[Black "Li, Ben"]
[WhiteFideId "4194985"]
[BlackFideId "2089980"]
[WhiteElo "2569"]
[BlackElo "2267"]
[Result "1-0"]
[Round "07"]
[TimeControl "180+1"]
[Date "2022.04.05"]
[WhiteClock "0:01:17"]
[BlackClock "0:01:03"]

1. e4 e5 2. Nf3 Nc6 3. Nc3 Nf6 4. d4 exd4 5. Nxd4 Bb4 6. Nxc6 bxc6 7. Bd3 d5 8. exd5 cxd5 9. O-O O-O 10. Bg5 c6 11. Qf3 Rb8 12. h3 Bd6 13. b3 h6 14. Bxf6 Qxf6 15. Qxf6 gxf6 16. Ne2 Re8 17. Rad1 Be5 18. Ng3 Kg7 19. Nf5+ Bxf5 20. Bxf5 Re7 21. f4 Bc7 22. Rd3 Rbe8 23. Rg3+ Kh8 24. Kh2 Ba5 25. Rg4 Re1 26. Rf3 Rg8 27. Rxg8+ Kxg8 28. Bd7 c5 29. Bc6 d4 30. Bb5 Bd2 31. Bd3 Kf8 32. Kg3 Re3 33. Rxe3 Bxe3 34. Kf3 Ke7 35. Ke4 Kd6 36. Bc4 Ke7 37. Kd5 h5 38. f5 h4 39. Bd3 Kd7 40. Kxc5 Kc7 41. Kb5 Kb7 42. Be4+ Kc7 43. Ka6 Kd6 44. Bd3 Ke5 45. Kxa7 Kf4 46. Kb7 Kg3 47. Be4 Kf4 48. Bf3 Kxf5 49. a4 1-0


[Site "https://www.chess.com"]